 Dungeon Crawl Stone Soup version 0.31-a0-83-gbff143cfd1 (webtiles) character file.

Game seed: 10393660594417595724

21 Esekla the Sneak (level 2, -11/21 HPs)
             Began as an Octopode Delver on May 25, 2023.
             Mangled by an ogre
             ... wielding a +0 giant club
              (26 damage)
             ... on level 5 of the Dungeon.
             The game lasted 00:04:05 (597 turns).

Esekla the Sneak (Octopode Delver)                   Turns: 597, Time: 00:04:05

Health: -11/21     AC:  1    Str: 11    XL:     2   Next: 83%
Magic:  2/2        EV: 13    Int: 12    God:
Gold:   0          SH:  0    Dex: 13    Spells: 1/1 levels left

rFire   . . .        a - +0 falchion
rCold   . . .        (no shield)
rNeg    . . .        (helmet restricted)
rPois   .            (no amulet)
rElec   .            (no ring)
rCorr   .            (no ring)
SInv    .            (no ring)
Will    .....        (no ring)
Stlth   ++++         (no ring)
HPRegen 0.23/turn    (no ring)
MPRegen 0.08/turn    (no ring)
                     (no ring)

%: no passive effects
@: weak-willed
A: almost no armour, amphibious, 8 rings, camouflage 1, gelatinous body 1,
(nimble swimmer 1), tentacles
a: no special abilities


You were on level 5 of the Dungeon.
You visited 2 branches of the dungeon, and saw 2 of its levels.

Inventory:

Hand Weapons
 a - a +0 falchion (weapon)
Missiles
 g - 6 silver javelins (quivered)
Wands
 f - a wand of digging (3)
Scrolls
 b - a scroll of fog
Potions
 d - a potion of enlightenment {unknown}


   Skills:
 * Level 3.2 Fighting
 * Level 2.2 Long Blades
 * Level 2.1 Dodging
 + Level 7.0 Stealth
 * Level 0.4 Spellcasting


You had one spell level left.
You didn't know any spells.
Your spell library contained the following spells:

 Spells                   Type           Power      Damage    Failure   Level
 Static Discharge         Conj/Air       0%         2-2/arc   45%         2
 Airstrike                Air            0%         2d(0-16)  97%         4
 Summon Lightning Spire   Summ/Air       0%         N/A       97%         4


Dungeon Overview and Level Annotations

Branches:
Dungeon (5/15)             Temple (1/1) D:5

Altars:
Ashenzari
Cheibriados
Dithmenos
Elyvilon
Fedhas
Gozag
Okawaru
Ru
Sif Muna
Uskayaw
Vehumet
Xom


Innate Abilities, Weirdness & Mutations

You cannot wear most types of armour.
You are amphibious.
You can wear up to eight rings at the same time.
Your skin changes colour to match your surroundings (Stealth+).
Your rubbery body absorbs attacks. (AC +1, EV +1)
((You are camouflaged when in or above water. (Stealth+)))
You have tentacles for arms and can constrict up to eight enemies at once.


Message History

You are no longer poisoned.
A gnoll comes into view. It is wielding a +0 club.
You open the door.
Found an escape hatch in the floor.
Found 5 stones.
There is an open door here.
You close the door.
A jelly comes into view.
Found a stone staircase leading up.
Found a robe.
You open the door.
There is an open door here.
You open the door.
There is an open door here.
Your extra speed is starting to run out.
Found 15 gold pieces.
You feel yourself slow down.
The ogre shouts!
The adder hisses angrily.
The adder bites you but does no damage. The adder barely misses you.
The adder attacks as you move away! The adder bites you.
The adder completely misses you.
You miss the adder. Your grab misses the adder. The adder barely misses you.
You barely miss the adder. Your grab misses the adder. The adder bites you. x2
You hit the adder. You grab the adder. You squeeze the adder!
The adder is almost dead.
You constrict the adder. The adder closely misses you.
You barely miss the adder.
The adder is almost dead.
You constrict the adder.
You kill the adder!
Your Stealth skill increases to level 7!
Okay, then.
Okay, then.
Okay, then.
As you read the scroll labelled DUSOUK BYCEXE, it crumbles to dust.
Magic quickly surges around you.
It was a scroll of vulnerability.
The ogre hits you with a +0 giant club!!
Ouch! That really hurt!
You die...

......+........#**,**#.,,,,,.....
......#.......># *,,,..#****####.
.........#####.###+###.## #.
###[.....#####.#....)...# #.
###.....................########.
..###.....####.#...O.............
..# #..<..#,...#.#.###.####..##..
..###.....#.####O#.# #.?.........
..'.'.....#,* #@#.#########.....
..###.....#,* #.#...............
.^# #.....#,* #.###...#####.#...
..# #.....#,*###.# #.⌠.# #...#.#.
### #.....#,,....###...#######+##
#.....###**##.........#......
#.....#....##.⌠..>..⌠.#.....#
#.....#,*#............#.....*
#.....#,#....###...#########*


You could see an ogre (weak-willed).

Vanquished Creatures
  2 adders (D:5)
  An orc (D:5)
3 creatures vanquished.

Notes
Turn   | Place    | Note
-------+----------+-------------------------------------------
     0 | D:5      | Esekla the Octopode Delver began the quest for the Orb.
     0 | D:5      | Reached XP level 1. HP: 16/16 MP: 1/1
    55 | D:5      | Found a staircase to the Ecumenical Temple.
    64 | Temple   | Entered the Ecumenical Temple
    96 | D:5      | Noticed an ogre
   115 | D:5      | Noticed an ogre
   164 | D:5      | Noticed an iguana
   371 | D:5      | Noticed an ogre
   464 | D:5      | Found a sacrificial altar of Ru.
   527 | D:5      | Reached XP level 2. HP: 15/21 MP: 2/2
   528 | D:5      | Found an iron altar of Okawaru.
   528 | D:5      | Noticed a gnoll sergeant
   597 | D:5      | Reached skill level 7 in Stealth
   597 | D:5      | Mangled by an ogre

Illustrated notes

Levels and vault maps discovered:
D:5:      layout_basic, nicolae_ru_awakened_eye, old_standard_altar,
          minmay_temple_entry_junction, minmay_misc_feat_ornament
Temple:   nicolae_temple_ecumenical_triangle

Skill      XL: |  1  2 |
---------------+-------+-----
Stealth        | 7 |  7.0
Fighting       | |  3.2
Long Blades    | |  2.2
Dodging        | |  2.1
Spellcasting   | |  0.4

Action                     || total
---------------------------++-------
  Melee: Falchion          ||     8
         Constrict         ||     3
         Tentacles         ||     2
    Use: Scroll            ||     3
         Potion            ||     1
 Armour: Skin              ||     1
  Dodge: Dodged            ||     9

Table legend: (Time is in decaauts)
 A = Elapsed time spent in this place.
 B = Non-inter-level travel time spent in this place.
 C = Inter-level travel time spent in this place.
 D = Time resting spent in this place.
 E = Time spent auto-exploring this place.
 F = Levels seen in this place.
 G = Mean time per level.
                   A        B        C        D        E       F      G
               +--------+--------+--------+--------+--------+-----+--------+
         Total |    580 |    570 |     10 |     18 |     17 |   2 |  290.0 |
       Dungeon |    551 |    550 |      1 |     18 |     17 |   1 |  551.0 |
        Temple |     28 |     19 |      9 |      0 |      0 |   1 |   28.0 |
               +--------+--------+--------+--------+--------+-----+--------+

Top non-repeatable levels by time:
     D:5: 551 daAuts
  Temple: 28 daAuts
